MWL (24 & UNDER)
CINCINNATI PRIDE @ LEE'S SUMMIT TIGERS
08/08/2028
 
TOP OF THE 1ST
Cincinnati Pride batting - Pitching for Lee's Summit Tigers : RHP Patrick Singleton
Pitching: RHP Patrick Singleton
Batting: SHB Jaime Martínez 0-0: Ball
1-0: Ground out 6-3 (Groundball, 6)
Batting: LHB Paco Córdova 0-0: Ball
1-0: Swinging Strike
1-1: Swinging Strike
1-2: Strikes out swinging
Batting: LHB John Clark 0-0: Foul Ball, location: 2F
0-1: Ball
1-1: Ball
2-1: Ball
3-1: Base on Balls
Batting: RHB Roger Rush 0-0: Foul Ball, location: 2F
0-1: Foul Ball, location: 2F
0-2: Ball
1-2: Foul Ball, location: 2F
1-2: SINGLE (Groundball, 6MD)
John Clark to second
Batting: LHB Ángel Tuzzi 0-0: Fielders Choice at 2nd, 6-4 (Groundball, 6)
Top of the 1st over - 0 run(s), 1 hit(s), 0 error(s), 1 left on base; Cincinnati 0 - Lee's Summit 0
BOTTOM OF THE 1ST
Lee's Summit Tigers batting - Pitching for Cincinnati Pride : LHP Jon Bridges
Pitching: LHP Jon Bridges
Batting: RHB Stan Taylor 0-0: Fly out, F9 (Flyball, 89D)
Batting: LHB Terry Neal 0-0: Called Strike
0-1: Called Strike
0-2: Ball
1-2: Ball
2-2: Ground out 4-3 (Groundball, 4)
Batting: RHB Mike Harris 0-0: Foul Ball, location: 2F
0-1: Fly out, F9 (Line Drive, 89D)
Bottom of the 1st over - 0 run(s), 0 hit(s), 0 error(s), 0 left on base; Cincinnati 0 - Lee's Summit 0
TOP OF THE 2ND
Cincinnati Pride batting - Pitching for Lee's Summit Tigers : RHP Patrick Singleton
Batting: RHB George Martin 0-0: Ball
1-0: Called Strike
1-1: Fly out, F2 (Popup, 2R)
Batting: RHB Jorge Silva 0-0: Swinging Strike
0-1: Ball
1-1: Ground out 6-3 (Groundball, 6D)
Batting: RHB Pete Woods 0-0: Ball
1-0: Called Strike
1-1: Ball
2-1: SINGLE (Groundball, 5D)
Batting: RHB Dave Crawford 0-0: Called Strike
0-1: Foul Ball, location: 2F
0-2: Foul Ball, location: 2F
0-2: Ball
1-2: Fielders Choice at 2nd, 6-4 (Groundball, 6)
Top of the 2nd over - 0 run(s), 1 hit(s), 0 error(s), 0 left on base; Cincinnati 0 - Lee's Summit 0
BOTTOM OF THE 2ND
Lee's Summit Tigers batting - Pitching for Cincinnati Pride : LHP Jon Bridges
Batting: RHB Héctor Cruz 0-0: Ball
1-0: Ball
2-0: Ball
3-0: Base on Balls
Batting: SHB Tony Morrison 0-0: Foul Ball, location: 2F
0-1: Ball
1-1: Ball
Héctor Cruz steals 2nd base
2-1: Foul Ball, location: 2F
2-2: Strikes out swinging
Batting: SHB Jeff Hernández 0-0: Called Strike
0-1: Swinging Strike
0-2: Strikes out looking
Batting: LHB José Guerrero 0-0: SINGLE (Groundball, 4D)
Héctor Cruz to third
Runner from 3rd tries for Home, SAFE, no throw
Batting: LHB Tristan Sims 0-0: Ball
1-0: Ball
2-0: Swinging Strike
2-1: Called Strike
2-2: Ball
3-2: Strikes out looking
Bottom of the 2nd over - 1 run(s), 1 hit(s), 0 error(s), 1 left on base; Cincinnati 0 - Lee's Summit 1
TOP OF THE 3RD
Cincinnati Pride batting - Pitching for Lee's Summit Tigers : RHP Patrick Singleton
Batting: SHB Jaime Martínez 0-0: Swinging Strike
0-1: Foul Ball, location: 2F
0-2: Ball
1-2: TRIPLE (Flyball, 8RD)
Batting: LHB Paco Córdova 0-0: Foul Ball, location: 2F
0-1: Ball
1-1: Called Strike
1-2: Foul Ball, location: 2F
1-2: Ball
2-2: Foul Ball, location: 2F
2-2: Ball
3-2: Fly out, F8 (Line Drive, 8LS)
Runner from 3rd tags up, SCORES, no throw
Batting: LHB John Clark 0-0: Fly out, F7 (Flyball, 7S)
Batting: RHB Roger Rush 0-0: Called Strike
0-1: Foul Ball, location: 2F
0-2: Ball
1-2: Foul Ball, location: 2F
1-2: Ball
2-2: Ball
3-2: Base on Balls
Batting: LHB Ángel Tuzzi 0-0: Ball
Roger Rush steals 2nd base
1-0: Swinging Strike
1-1: Foul Ball, location: 2F
1-2: Strikes out looking
Top of the 3rd over - 1 run(s), 1 hit(s), 0 error(s), 1 left on base; Cincinnati 1 - Lee's Summit 1
BOTTOM OF THE 3RD
Lee's Summit Tigers batting - Pitching for Cincinnati Pride : LHP Jon Bridges
Batting: RHB Julián Espinoza 0-0: Called Strike
0-1: Ball
1-1: Swinging Strike
1-2: Ball
2-2: Foul Ball, location: 2F
2-2: Ball
3-2: Strikes out looking
Batting: RHB Stan Taylor 0-0: Ball
1-0: Ball
2-0: Ball
3-0: Called Strike
3-1: Swinging Strike
3-2: Fly out, F8 (Flyball, 8RS)
Batting: LHB Terry Neal 0-0: Ball
1-0: Ball
2-0: Ball
3-0: Foul Ball, location: 2F
3-1: Base on Balls
Batting: RHB Mike Harris 0-0: Called Strike
Terry Neal steals 2nd base
0-1: Ground out 1-3 (Groundball, 15S)
Bottom of the 3rd over - 0 run(s), 0 hit(s), 0 error(s), 1 left on base; Cincinnati 1 - Lee's Summit 1
TOP OF THE 4TH
Cincinnati Pride batting - Pitching for Lee's Summit Tigers : RHP Patrick Singleton
Batting: RHB George Martin 0-0: Ball
1-0: Ball
2-0: Foul Ball, location: 2F
2-1: Foul Ball, location: 2F
2-2: Strikes out looking
Batting: RHB Jorge Silva 0-0: Called Strike
0-1: SINGLE (Groundball, 4MD)
Batting: RHB Pete Woods 0-0: Ball
1-0: Grounds into double play, 4-6-3 (Groundball, 4)
Top of the 4th over - 0 run(s), 1 hit(s), 0 error(s), 0 left on base; Cincinnati 1 - Lee's Summit 1
BOTTOM OF THE 4TH
Lee's Summit Tigers batting - Pitching for Cincinnati Pride : LHP Jon Bridges
Batting: RHB Héctor Cruz 0-0: Called Strike
0-1: Called Strike
0-2: Ball
1-2: Ball
2-2: SINGLE (Line Drive, 3D)
Batting: SHB Tony Morrison 0-0: Foul Ball, location: 2F
0-1: Ball
1-1: Called Strike
1-2: Grounds into double play, 6-4-3 (Groundball, 6)
Batting: SHB Jeff Hernández 0-0: Foul Ball, location: 2F
0-1: Ground out 6-3 (Groundball, 6)
Bottom of the 4th over - 0 run(s), 1 hit(s), 0 error(s), 0 left on base; Cincinnati 1 - Lee's Summit 1
TOP OF THE 5TH
Cincinnati Pride batting - Pitching for Lee's Summit Tigers : RHP Patrick Singleton
Batting: RHB Dave Crawford 0-0: Ball
1-0: Swinging Strike
1-1: Ball
2-1: DOUBLE (Line Drive, 78D)
Batting: SHB Jaime Martínez 0-0: Ball
1-0: Ball
2-0: Swinging Strike
2-1: Ball
3-1: Called Strike
3-2: Base on Balls
Batting: LHB Paco Córdova 0-0: Called Strike
0-1: Called Strike
0-2: Ball
1-2: Ball
2-2: Ball
3-2: Foul Ball, location: 2F
3-2: Base on Balls
Dave Crawford to third
Jaime Martínez to second
Batting: LHB John Clark 0-0: DOUBLE (Line Drive, 78XD)
Dave Crawford scores
Jaime Martínez scores
Paco Córdova to third
Batting: RHB Roger Rush 0-0: Foul Ball, location: 2F
0-1: Ball
1-1: DOUBLE (Line Drive, 7LD)
Paco Córdova scores
John Clark scores
Pitching: RHP Josse Teves
Batting: LHB Ángel Tuzzi 0-0: Ball
1-0: Ball
2-0: Called Strike
2-1: Ball
3-1: SINGLE (Groundball, 6M) (infield hit)
Roger Rush to third
Batting: RHB George Martin 0-0: Ball
1-0: Ball
Ángel Tuzzi steals 2nd base
2-0: Foul Ball, location: 2F
2-1: Ball
3-1: Fly out, F6 (Popup, 6)
Batting: RHB Jorge Silva 0-0: Called Strike
0-1: Swinging Strike
0-2: Strikes out swinging
Batting: RHB Pete Woods 0-0: Called Strike
0-1: Called Strike
0-2: Ball
1-2: Ball
2-2: Foul Ball, location: 2F
2-2: Strikes out swinging
Top of the 5th over - 4 run(s), 4 hit(s), 0 error(s), 2 left on base; Cincinnati 5 - Lee's Summit 1
BOTTOM OF THE 5TH
Lee's Summit Tigers batting - Pitching for Cincinnati Pride : LHP Jon Bridges
Batting: LHB José Guerrero 0-0: Called Strike
0-1: Ball
1-1: Ball
2-1: Foul Ball, location: 2F
2-2: SINGLE (Line Drive, 7S)
Batting: LHB Tristan Sims 0-0: Swinging Strike
0-1: Ball
1-1: Fly out, F9 (Flyball, 89M)
Batting: RHB Julián Espinoza 0-0: Ball
1-0: Ball
2-0: Ball
3-0: Base on Balls
José Guerrero to second
Batting: RHB Stan Taylor 0-0: Foul Ball, location: 2F
0-1: Foul Ball, location: 2F
0-2: Ball
1-2: Fielders Choice at 3rd, U5 (Groundball, 5L)
Julián Espinoza to second
Batting: LHB Terry Neal 0-0: Called Strike
0-1: Ball
1-1: Called Strike
1-2: Ball
2-2: Strikes out swinging
Bottom of the 5th over - 0 run(s), 1 hit(s), 0 error(s), 2 left on base; Cincinnati 5 - Lee's Summit 1
TOP OF THE 6TH
Cincinnati Pride batting - Pitching for Lee's Summit Tigers : RHP Josse Teves
Batting: RHB Dave Crawford 0-0: Swinging Strike
0-1: Ball
1-1: Swinging Strike
1-2: Strikes out looking
Batting: SHB Jaime Martínez 0-0: Ball
1-0: Swinging Strike
1-1: Ball
2-1: Ball
3-1: Called Strike
3-2: Strikes out swinging
Batting: LHB Paco Córdova 0-0: Ball
1-0: Foul Ball, location: 2F
1-1: Ball
2-1: SINGLE (Groundball, 4MD)
Batting: LHB John Clark 0-0: SINGLE (Flyball, 89S)
Paco Córdova to second
Batting: RHB Roger Rush 0-0: Ground out 1-3 (Groundball, 15)
Top of the 6th over - 0 run(s), 2 hit(s), 0 error(s), 2 left on base; Cincinnati 5 - Lee's Summit 1
BOTTOM OF THE 6TH
Lee's Summit Tigers batting - Pitching for Cincinnati Pride : LHP Jon Bridges
Batting: RHB Mike Harris 0-0: Ball
1-0: Ball
2-0: Ball
3-0: Swinging Strike
3-1: Swinging Strike
3-2: Strikes out swinging
Pitching: RHP Júlio Ovies
Batting: RHB Héctor Cruz 0-0: Swinging Strike
0-1: SINGLE (Line Drive, 8RS)
Batting: SHB Tony Morrison 0-0: Ball
1-0: Called Strike
1-1: Foul Ball, location: 2F
1-2: Strikes out looking
Batting: SHB Jeff Hernández 0-0: Ball
1-0: Foul Ball, location: 2F
1-1: Ball
2-1: Ball
Héctor Cruz steals 2nd base
3-1: Base on Balls
Batting: LHB José Guerrero 0-0: Ball
1-0: SINGLE (Groundball, 34D)
Héctor Cruz to third
Jeff Hernández to second
Runner from 3rd tries for Home, SAFE, no throw
Batting: LHB Tristan Sims 0-0: SINGLE (Line Drive, 89S)
Jeff Hernández to third
José Guerrero to second
Batting: RHB Julián Espinoza 0-0: Called Strike
0-1: Foul Ball, location: 2F
0-2: Strikes out swinging
Bottom of the 6th over - 1 run(s), 3 hit(s), 0 error(s), 3 left on base; Cincinnati 5 - Lee's Summit 2
TOP OF THE 7TH
Cincinnati Pride batting - Pitching for Lee's Summit Tigers : RHP Josse Teves
Batting: LHB Ángel Tuzzi 0-0: Swinging Strike
0-1: Called Strike
0-2: Ball
1-2: Ball
2-2: Ball
3-2: Foul Ball, location: 2F
3-2: Ground out 6-3 (Groundball, 6M)
Batting: RHB George Martin 0-0: Fly out, F8 (Line Drive, 8LM)
Batting: RHB Jorge Silva 0-0: Foul Ball, location: 2F
0-1: Ground out 5-3 (Groundball, 5L)
Top of the 7th over - 0 run(s), 0 hit(s), 0 error(s), 0 left on base; Cincinnati 5 - Lee's Summit 2
BOTTOM OF THE 7TH
Lee's Summit Tigers batting - Pitching for Cincinnati Pride : RHP Júlio Ovies
Batting: RHB Stan Taylor 0-0: Ball
1-0: Swinging Strike
1-1: Ball
2-1: Ball
3-1: Base on Balls
Batting: LHB Terry Neal 0-0: Ball
1-0: Ball
2-0: Fly out, F8 (Flyball, 8LM)
Batting: RHB Mike Harris 0-0: Ball
1-0: Ball
2-0: Called Strike
2-1: Foul Ball, location: 2F
2-2: Foul Ball, location: 2F
2-2: Ball
3-2: Base on Balls
Stan Taylor to second
Batting: RHB Héctor Cruz 0-0: Ball
1-0: Called Strike
Mike Harris steals 2nd base
Stan Taylor to third
1-1: Ground out 5-3 (Groundball, 5L)
Batting: SHB Tony Morrison 0-0: Swinging Strike
0-1: Called Strike
0-2: Ball
1-2: Ball
2-2: Ground out 1-3 (Groundball, 15)
Bottom of the 7th over - 0 run(s), 0 hit(s), 0 error(s), 2 left on base; Cincinnati 5 - Lee's Summit 2
TOP OF THE 8TH
Cincinnati Pride batting - Pitching for Lee's Summit Tigers : RHP Josse Teves
Batting: RHB Pete Woods 0-0: Foul Ball, location: 2F
0-1: Foul Ball, location: 2F
0-2: Ball
1-2: Foul Ball, location: 2F
1-2: Ball
2-2: Strikes out swinging
Batting: RHB Dave Crawford 0-0: Called Strike
0-1: Ball
1-1: Foul Ball, location: 2F
1-2: Foul Ball, location: 2F
1-2: Strikes out swinging
Pitching: RHP Kirby Graham
Batting: SHB Jaime Martínez 0-0: Called Strike
0-1: Foul Ball, location: 2F
0-2: Strikes out swinging
Top of the 8th over - 0 run(s), 0 hit(s), 0 error(s), 0 left on base; Cincinnati 5 - Lee's Summit 2
BOTTOM OF THE 8TH
Lee's Summit Tigers batting - Pitching for Cincinnati Pride : RHP Júlio Ovies
Pitching: LHP Ángel Árias
Batting: SHB Jeff Hernández 0-0: Called Strike
0-1: Called Strike
0-2: Ball
1-2: Strikes out swinging
Batting: LHB José Guerrero 0-0: Ball
1-0: Foul Ball, location: 2F
1-1: Swinging Strike
1-2: Ball
2-2: Strikes out swinging
Batting: LHB Tristan Sims 0-0: Called Strike
0-1: Swinging Strike
0-2: Ball
1-2: Foul Ball, location: 2F
1-2: Fly out, F7 (Flyball, 7LM)
Bottom of the 8th over - 0 run(s), 0 hit(s), 0 error(s), 0 left on base; Cincinnati 5 - Lee's Summit 2
TOP OF THE 9TH
Cincinnati Pride batting - Pitching for Lee's Summit Tigers : RHP Kirby Graham
Batting: LHB Paco Córdova 0-0: Ball
1-0: Called Strike
1-1: Swinging Strike
1-2: Ball
2-2: Ball
3-2: Foul Ball, location: 2F
3-2: SINGLE (Line Drive, 78S)
Batting: LHB John Clark 0-0: Ball
1-0: Foul Ball, location: 2F
1-1: Ball
2-1: Called Strike
2-2: Ball
3-2: Base on Balls
Paco Córdova to second
Batting: RHB Roger Rush 0-0: Called Strike
0-1: Fly out, F5 (Popup, 56)
Batting: LHB Ángel Tuzzi 0-0: Ball
1-0: Foul Ball, location: 2F
1-1: SINGLE (Groundball, 6D)
Paco Córdova to third
John Clark to second
Pitching: RHP Pedro Rivera
Pinch Hitting: RHB Álex Hernández 0-0: Called Strike
0-1: Grounds into fielders choice 3-2 (Groundball, 34S)
John Clark to third
Ángel Tuzzi to second
Pinch Hitting: LHB Jorge Hernández 0-0: Fly out, F8 (Flyball, 8LXD)
Top of the 9th over - 0 run(s), 2 hit(s), 0 error(s), 3 left on base; Cincinnati 5 - Lee's Summit 2
BOTTOM OF THE 9TH
Lee's Summit Tigers batting - Pitching for Cincinnati Pride : LHP Ángel Árias
Pitching: RHP Pedro Ayala
Now at C: Bartolo Montero
Now at 1B: Francis Land
Batting: RHB Julián Espinoza 0-0: Ball
1-0: Ball
2-0: SINGLE (Line Drive, 4MD)
Batting: RHB Stan Taylor 0-0: SINGLE (Line Drive, 4)
Julián Espinoza to second
Runner from 2nd tries for 3rd, SAFE, throw made to third
Stan Taylor to second
Batting: LHB Terry Neal 0-0: Called Strike
0-1: Called Strike
0-2: Strikes out swinging
Batting: RHB Mike Harris 0-0: Swinging Strike
0-1: Foul Ball, location: 2F
0-2: Ball
1-2: Ball
2-2: Ball
3-2: Strikes out swinging
Pinch Hitting: RHB Steve Johnson 0-0: Ground out U3 (Groundball, 34)
Bottom of the 9th over - 0 run(s), 2 hit(s), 0 error(s), 2 left on base; Cincinnati 5 - Lee's Summit 2
Tuesday, August 8th, 2017 - OOTP Baseball 17.12 Build 75